Map: Galactic Process LE

Players

iAsonu

  • Race: Zerg Zerg

Elazer - Winner!

  • Race: Zerg Zerg

Event: 2016 WCS Summer Circuit Championship (DH Montreal)

VOD

Have the link to the VOD?

Description

Time

  • Played on: Aug. 12, 2016, 8:51 p.m.
  • Length: 6:45

All games in this series

Show
View Real Time Build Order
Export as new Build Order

iAsonu Zerg 

Build Orders: Hatch First 

Get SALT Encoding   

  12  0:01  Drone  
  13  0:12  Overlord  
  13  0:17  Drone  
  14  0:31  Drone x2  
  16  0:37  Drone  
  17  0:53  Hatchery  
  17  0:56  Drone  
  17  0:59  Drone  
  18  1:09  Extractor  
  17  1:15  Spawning Pool  
  17  1:18  Drone  
  17  1:22  Drone  
  18  1:30  Drone  
  19  1:41  Drone  
  20  1:50  Overlord  
  20  2:00  Drone  
  21  2:04  Queen x2  
  21  2:05  Drone  
  26  2:10  Metabolic Boost  
  26  2:13  Drone  
  27  2:17  Drone  
  27  2:22  Drone  
  29  2:26  Drone  
  30  2:33  Zergling x2  
  30  2:34  Baneling Nest  
  30  2:37  Drone  
  31  2:45  Drone  
  32  2:51  Drone  
  32  2:54  Hatchery  
  32  3:02  Overlord  
  32  3:04  Drone  
  33  3:06  Drone  
  33  3:09  Zergling x2  
  35  3:13  Zergling x2  
  36  3:20  Queen  
  36  3:21  Drone x3  
  36  3:23  Drone  
  36  3:26  Drone  
  43  3:28  Drone  
  43  3:33  Baneling  
  43  3:34  Baneling x2  
  44  3:35  Overlord  
  44  3:38  Baneling  
  43  3:55  Overlord  
  43  3:56  Drone  
  43  3:58  Drone x3  
  43  4:00  Lair  
  48  4:02  Extractor, Drone  
  48  4:03  Drone  
  48  4:04  Extractor  
  48  4:06  Drone  
  48  4:09  Drone  
  49  4:10  Roach Warren  
  49  4:12  Drone  
  49  4:14  Drone x2  
  51  4:17  Drone x2  
  51  4:21  Evolution Chamber  
  51  4:24  Zergling x2  
  53  4:29  Drone  
  53  4:31  Drone  
  55  4:34  Zergling x2  
  55  4:36  Drone  
  57  4:39  Drone x3  
  57  4:40  Drone  
  57  4:41  Drone  
  62  4:47  Drone  
  62  4:48  Zerg Missile Weapons Level 1  
  62  4:52  Zergling x2  
  64  4:55  Drone  
  61  5:03  Drone  
  60  5:08  Spire  
  60  5:10  Queen  
  60  5:11  Drone  
  60  5:20  Drone x2  
  61  5:22  Drone  
  61  5:23  Drone x2  
  61  5:26  Drone  
  61  5:27  Drone, Spire, Extractor  
  63  5:29  Drone  
  63  5:31  Drone x2, Extractor  
  63  5:33  Extractor, Overlord  
  63  5:35  Overlord  
  64  5:37  Overseer  
  64  5:42  Overlord  
  64  5:43  Overlord  
  64  5:51  Overlord  
  64  5:54  Roach x5  
  64  5:55  Spine Crawler x2  
  72  5:57  Roach  
  72  5:58  Overlord  
  72  5:59  Baneling  
  72  6:00  Baneling x3  
  72  6:01  Roach  
  72  6:02  Roach  
  78  6:05  Spine Crawler  
  78  6:06  Roach  
  78  6:08  Roach  
  83  6:11  Roach x2  
  83  6:17  Roach  
  86  6:19  Mutalisk  
  87  6:25  Roach  
Show
View Real Time Build Order
Export as new Build Order

Elazer Zerg - Winner!

Build Orders: Hatch First 

Get SALT Encoding   

  12  0:00  Drone  
  13  0:12  Overlord  
  13  0:16  Drone  
  14  0:30  Drone x2  
  14  0:34  Drone  
  17  0:51  Hatchery  
  17  0:54  Drone  
  17  0:58  Drone  
  18  1:08  Extractor  
  17  1:12  Spawning Pool  
  17  1:15  Drone  
  17  1:19  Drone  
  18  1:27  Drone  
  19  1:38  Overlord  
  19  1:49  Drone  
  20  1:59  Drone, Queen  
  23  2:03  Queen, Zergling x2  
  26  2:08  Metabolic Boost  
  26  2:10  Drone  
  26  2:15  Drone  
  28  2:21  Drone  
  29  2:26  Drone  
  30  2:34  Hatchery  
  29  2:42  Queen  
  31  2:45  Overlord  
  31  2:49  Drone  
  31  2:50  Drone  
  33  3:01  Drone x2  
  33  3:02  Drone  
  36  3:09  Zergling x8  
  36  3:10  Zergling x2  
  36  3:11  Zergling x2  
  42  3:17  Zergling x4  
  44  3:23  Roach Warren  
  44  3:25  Drone  
  44  3:26  Overlord  
  44  3:30  Extractor, Drone  
  44  3:43  Drone  
  44  3:46  Drone x2  
  44  3:48  Drone  
  46  3:57  Overlord  
  46  3:58  Drone x2  
  46  4:01  Drone x2  
  46  4:02  Drone x2  
  52  4:06  Roach  
  52  4:08  Roach x2  
  58  4:16  Extractor, Overlord  
  57  4:18  Drone  
  57  4:19  Drone x2  
  57  4:20  Roach x2  
  64  4:29  Roach  
  64  4:31  Overlord  
  66  4:35  Roach x4  
  74  4:50  Roach x4  
  74  4:52  Overlord  
  80  5:00  Overlord  
  80  5:03  Roach  
  80  5:09  Overlord x2  
  80  5:14  Roach x5  
  80  5:19  Roach x3  
  94  5:25  Roach  
  94  5:28  Roach x2  
  99  5:32  Roach  
  101  5:37  Overlord  
  101  5:45  Zergling x2  
  101  5:46  Zergling x2  
  101  5:47  Zergling x12  
  101  5:48  Zergling x2  
  101  5:49  Zergling x2  
  111  5:52  Zergling x4  
  111  5:54  Overlord  
  111  5:56  Ravager  
  114  5:58  Zergling x2  
  114  5:59  Ravager x2  
  114  6:00  Ravager  
  118  6:05  Zergling x4  
  118  6:10  Overlord  
  121  6:11  Ravager  
  121  6:12  Zergling x4  
  123  6:23  Zergling x4  
  123  6:24  Zergling x10  
Tags
 
Add a new tag
Caveats
  • Supply blocks, unpowered buildings, or Contaminate may cause inaccurate times.
  • Supply counts are checked every 10 seconds.